 Dungeon Crawl Stone Soup version 0.19.0-24-gb05acd6 (webtiles) character file.

1528 patrickswayze the Covert (level 8, 0/49 HPs)
             Began as a Deep Elf Chaos Knight on Nov 20, 2016.
             Slain by a centaur
             ... wielding a +0 flail
              (1 damage)
             ... on level 7 of the Dungeon.
             The game lasted 00:10:44 (5408 turns).

patrickswayze the Covert (Deep Elf Chaos Knight)    Turns: 5408, Time: 00:10:45

Health: 0/49       AC:  6    Str: 14    XL:     8   Next: 55%
Magic:  10/10      EV: 12    Int: 20    God:    Xom [.....*]
Gold:   123        SH:  5    Dex: 16    Spells: 0 memorised, 7 levels left

rFire  . . .     SeeInvis .     a - +4 short sword (elec)
rCold  + . .     Gourm    .     x - +2 leather armour of the Journeyman {+Fly rC+ Str+3 Int+2}
rNeg   . . .     Faith    .     j - +0 buckler
rPois  .         Spirit   .     (no helmet)
rElec  .         Reflect  .     y - +0 cloak
rCorr  .         Harm     .     (no gloves)
MR     +....     Clarity  +     (no boots)
Stlth  ++++......               (no amulet)
                                (no ring)
                                p - ring of protection from magic

@: no status effects
A: clarity, robust 1, strong 1
a: Renounce Religion, Evoke Flight


You were on level 7 of the Dungeon.
You worshipped Xom.
You were Xom's teddy bear.
You were not hungry.

You visited 1 branch of the dungeon, and saw 7 of its levels.

You collected 277 gold pieces.
You spent 154 gold pieces at shops.


Innate Abilities, Weirdness & Mutations

You possess an exceptional clarity of mind.
You are robust. (+10% HP)
Your muscles are strong. (Str +2)


   Skills:
 - Level 2.4 Fighting
 + Level 6.3 Short Blades
 - Level 0.7 Armour
 - Level 2.4 Dodging
 - Level 8.4 Stealth
 - Level 5.1 Shields


You had 7 spell levels left.
You didn't know any spells.

Inventory:

Hand Weapons
 a - a +4 short sword of electrocution (weapon)
 f - a +2 rapier of electrocution
Missiles
 b - 9 tomahawks of returning (quivered)
 e - 54 stones
Armour
 j - a +0 buckler (worn)
 v - a +1 ring mail of magic resistance
 x - the +2 leather armour of the Journeyman (worn) {+Fly rC+ Str+3 Int+2}
   (You bought it in a shop on level 4 of the Dungeon)

   It affects your strength (+3).
   It affects your intelligence (+2).
   It protects you from cold.
   It lets you fly.
 y - a +0 cloak (worn)
Jewellery
 p - a ring of protection from magic (left hand)
Wands
 w - a wand of paralysis (13/24)
Scrolls
 d - 2 scrolls of teleportation
 g - 6 scrolls of remove curse
 i - 2 scrolls of enchant armour
 k - a scroll of recharging {unknown}
 l - a scroll of immolation {unknown}
 m - a scroll of enchant weapon {unknown}
 q - a scroll of magic mapping {unknown}
 s - a scroll of random uselessness {unknown}
 u - a scroll of blinking {unknown}
 A - a scroll of noise {unknown}
Potions
 h - a potion of haste {unknown}
 n - a potion of brilliance
 t - a potion of mutation {!q}
 B - a potion of flight {unknown}
 D - a potion of invisibility {unknown}
Comestibles
 c - 4 bread rations
 r - 2 meat rations
 E - 2 chunks of flesh


Message History

You block the centaur's attack. You block the quokka's attack.
As you read the scroll labeled BOYPEU BIOJ, it crumbles to dust.
You feel strangely unstable.
It was a scroll of teleportation.
The centaur hits you with an uncursed flail.
* * * LOW HITPOINT WARNING * * *
The quokka bites you but does no damage.
It was a potion of cancellation.
You feel strangely stable.
You feel magically purged.
Xom roars with laughter!
The centaur hits you with an uncursed flail!
* * * LOW HITPOINT WARNING * * *
The orc wizard gestures wildly while chanting.
You block the quokka's attack.
It was a potion of cure mutation.
It has a very clean taste.
You feel agile. The horns on your head shrink away.
You feel weaker.
Your rate of healing slows.
You feel frail.
The centaur hits you with an uncursed flail.
You die...
Xom bursts into laughter!

########## ##
#........########.##
#.######(..........##.#
#.# ########....:...
#.# ###ยค.#.##..# #.#
#.).)....... #.#
#o#..#)##..# #.#
#r##.#.# .# #.###
#@##.... # #<..#
#..cggo.## ###.#
#..##g#... #.#
#..##.####o #.# #......
# #.#######.###g#
#............
#####.###### #.#


You could see a centaur, a gnoll shaman, an orc priest, an orc wizard, 2 gnolls
and a quokka.

Vanquished Creatures
  Sigmund (D:6)
  Eustachio (D:4)
  Menkaure (D:5)
  Edmund (D:6)
  An ice beast (D:6)
  A phantom (D:4)
  An ogre (D:6)
  Blork the orc (D:6)
  2 howler monkeys (D:7)
  A crimson imp (D:5)
  A quasit (D:6)
  2 hounds
  A centaur zombie (D:5)
  A gnoll shaman (D:4)
  3 orc priests
  2 orc wizards
  3 worker ants
  6 gnolls (D:4)
  5 adders
  2 shadow imps (D:5)
  An adder skeleton (D:5)
  3 worms
  2 dart slugs
  A leopard gecko (D:1)
  11 orcs
  4 bats
  6 giant cockroaches
  7 goblins
  12 hobgoblins
  6 jackals
  7 kobolds
  2 quokkas
  A ball python (D:3)
  A frilled lizard (D:2)
  2 quokka zombies
  8 rats
  A fungus (D:4)
112 creatures vanquished.

Notes
Turn   | Place    | Note
-------+----------+-------------------------------------------
     0 | D:1      | patrickswayze the Deep Elf Chaos Knight began the quest for the Orb.
     0 | D:1      | Reached XP level 1. HP: 13/13 MP: 3/3
    43 | D:1      | Reached skill level 1 in Stealth
   322 | D:1      | XOM: harmless Chrm miscast
   324 | D:1      | Reached skill level 2 in Stealth
   325 | D:1      | Reached XP level 2. HP: 9/18 MP: 4/4
   676 | D:1      | Reached skill level 3 in Stealth
   708 | D:1      | XOM: silly message
  1069 | D:1      | Reached XP level 3. HP: 22/22 MP: 5/5
  1212 | D:1      | XOM: noise
  1232 | D:1      | XOM is BORED!
  1232 | D:1      | XOM: noise
  1404 | D:2      | Reached skill level 4 in Stealth
  1409 | D:2      | XOM: harmless Air miscast
  1431 | D:2      | Found a hazy altar of Hepliaklqana.
  1490 | D:2      | XOM: give mutations
  1490 | D:2      | Gained mutation: You are robust. (+10% HP) [Xom's grace]
  1490 | D:2      | Gained mutation: You have a pair of small horns on your head. [Xom's grace]
  1593 | D:2      | XOM: scenery: 1 doors close
  1697 | D:2      | Found a blossoming altar of Fedhas.
  1840 | D:2      | XOM: scenery: 1 doors open
  1882 | D:2      | XOM: harmless Fire miscast
  1907 | D:2      | Found a white marble altar of Elyvilon.
  1907 | D:2      | Found a glowing silver altar of Zin.
  1907 | D:2      | Found a glowing golden altar of the Shining One.
  1935 | D:2      | XOM: give mutations
  1935 | D:2      | Gained mutation: You are very robust. (+20% HP) [Xom's grace]
  1935 | D:2      | Gained mutation: Your natural rate of healing is unusually fast. [Xom's grace]
  2060 | D:3      | Found a shattered altar of Ashenzari.
  2090 | D:3      | Reached XP level 4. HP: 32/32 MP: 6/6
  2166 | D:3      | Reached skill level 5 in Stealth
  2230 | D:3      | XOM: cloud trail
  2360 | D:3      | XOM: 5-stop teleportation journey
  2627 | D:3      | Found a sacrificial altar of Ru.
  2767 | D:4      | Found Dagawku's Antique Armour Emporium.
  2776 | D:3      | Reached skill level 1 in Shields
  2861 | D:4      | Noticed a phantom
  2995 | D:4      | XOM: cloud trail
  3001 | D:4      | Bought a jewelled leather armour for 154 gold pieces
  3009 | D:4      | Noticed Eustachio
  3018 | D:4      | Gained mutation: You possess an exceptional clarity of mind. [potion of mutation]
  3018 | D:4      | Gained mutation: You are clumsy. (Dex -2) [potion of mutation]
  3023 | D:4      | Killed Eustachio
  3023 | D:4      | Reached skill level 3 in Shields
  3023 | D:4      | Reached XP level 5. HP: 27/37 MP: 7/7
  3023 | D:4      | Reached XP level 6. HP: 32/43 MP: 8/8
  3023 | D:4      | XOM: 3-stop teleportation journey
  3413 | D:4      | XOM: cast spell 'Hydra Form'
  3569 | D:4      | XOM: scenery: create altars
  3588 | D:4      | XOM: swap monsters
  3612 | D:4      | XOM: butterfly on damage
  3614 | D:4      | XOM: noise
  3620 | D:4      | Reached XP level 7. HP: 35/48 MP: 9/9
  3710 | D:5      | Entered Level 5 of the Dungeon
  3710 | D:5      | Noticed Apogee's ghost (amateur DEFE)
  3909 | D:5      | Reached skill level 6 in Stealth
  3920 | D:5      | XOM: give mutation
  3920 | D:5      | Gained mutation: Your muscles are strong. (Str +2) [Xom's grace]
  3974 | D:5      | Found Luokh's Food Shop.
  4082 | D:5      | Identified the +2 leather armour of the Journeyman {+Fly rC+ Str+3 Int+2} (You bought it in a shop on level 4 of the Dungeon)
  4102 | D:5      | XOM: medium Fire miscast
  4153 | D:5      | XOM: give mutation
  4153 | D:5      | Gained mutation: Your muscles are very strong. (Str +4) [Xom's mischief]
  4171 | D:5      | XOM: mild Pois miscast
  4422 | D:5      | Noticed Menkaure
  4429 | D:5      | Killed Menkaure
  4429 | D:5      | Reached skill level 7 in Stealth
  4526 | D:5      | Found a shadowy altar of Dithmenos.
  4622 | D:5      | XOM: fog
  4768 | D:6      | Noticed Edmund
  4772 | D:6      | XOM: summons friendly white imp
  4773 | D:6      | XOM: summons friendly shadow imp
  4780 | D:6      | Killed Edmund
  4780 | D:6      | Reached skill level 8 in Stealth
  4850 | D:6      | Reached XP level 8. HP: 54/54 MP: 10/10
  4993 | D:6      | Found a staircase to the Ecumenical Temple.
  4993 | D:6      | Noticed Blork the orc
  5002 | D:6      | Noticed Sigmund
  5005 | D:6      | Killed Blork the orc
  5010 | D:6      | XOM: potion effect (berserk rage)
  5012 | D:6      | Killed Sigmund
  5119 | D:6      | XOM: enchant monster (good)
  5354 | D:7      | Reached skill level 6 in Short Blades
  5404 | D:7      | HP: 7/54 [centaur/uncursed flail (6)]
  5407 | D:7      | HP: 1/54 [centaur/uncursed flail (7)]
  5408 | D:7      | Lost mutation: You are clumsy. (Dex -2) [potion of cure mutation]
  5408 | D:7      | Lost mutation: You have a pair of small horns on your head. [potion of cure mutation]
  5408 | D:7      | Lost mutation: Your muscles are very strong. (Str +4) [potion of cure mutation]
  5408 | D:7      | Lost mutation: Your natural rate of healing is unusually fast. [potion of cure mutation]
  5408 | D:7      | Lost mutation: You are very robust. (+20% HP) [potion of cure mutation]
  5408 | D:7      | Slain by a centaur

Vault maps used:
D:1:      tarquinn_simple_flora_water_f
D:2:      good_gods_mini_temple, nicolae_overflow_crystal_walls, first_bread,
          fedhas_altar_1
D:3:      nicolae_ru_the_path_less_chosen, overflow_temple_1_default
D:4:      serial_shops, nicolae_shop_stone, minmay_gold_behind_fungi,
          uniq_eustachio
D:5:      lemuel_coloured_pillars_altar, serial_shops, kennysheep_mini,
          uniq_menkaure
D:6:      uniq_edmund, uniq_blork_the_orc, uniq_sigmund
D:7:      old_standard_altar, enter_bailey_8

Action                   |  1- 3 |  4- 6 |  7- 9 || total
-------------------------+-------+-------+-------++-------
Melee: Short sword       |   139 |   131 |    87 ||   357
       Headbutt          |     5 |    23 |    11 ||    39
       Unarmed           |       |     2 |       ||     2
  Use: Scroll            |     2 |     2 |     4 ||     8
       Potion            |       |     3 |     3 ||     6
 Stab: Sleeping          |    11 |     4 |     9 ||    24
       Paralysed         |     1 |       |       ||     1
       Confused          |       |     2 |       ||     2
  Eat: Chunk             |     4 |     5 |     5 ||    14
Armor: Leather armour    |    21 |       |     5 ||    26
       Ring mail         |     2 |    27 |     6 ||    35
Dodge: Dodged            |    71 |    41 |    30 ||   142
Block: Buckler           |       |    19 |    17 ||    36
